 Dungeon Crawl Stone Soup version 0.28-a0-724-g66f9036eb4 (webtiles) character file.

Game seed: 9162370733805246272

175 rogsnak the Digger (level 5, -1/30 HPs)
             Began as a Kobold Earth Elementalist on Oct 27, 2021.
             Succumbed to an adder's poison
             ... on level 4 of the Dungeon.
             The game lasted 00:07:47 (5196 turns).

rogsnak the Digger (Kobold Earth Elementalist)      Turns: 5196, Time: 00:07:47

Health: -1/30      AC:  2    Str:  5    XL:     5   Next: 86%
Magic:  6/9        EV: 16    Int: 18    God:
Gold:   159        SH:  0    Dex: 15    Spells: 6/10 levels left

rFire   . . .      SeeInvis .   n - +3 dagger (freeze)
rCold   . . .      Faith    .   (shield restricted)
rNeg    . . .      Spirit   .   b - +0 robe
rPois   .          Reflect  .   (no helmet)
rElec   .          Harm     .   (no cloak)
rCorr   .          Rampage  .   (no gloves)
Will    .....                   (no boots)
Stlth   +++.......              (no amulet)
HPRegen 0.10/turn               (no ring)
MPRegen 0.11/turn               (no ring)

@: lethally poisoned (-1 -> -7), flying
A: small, no large weapons, nightstalker 3
a: no special abilities


You were on level 4 of the Dungeon.
You visited 1 branch of the dungeon, and saw 4 of its levels.

You collected 159 gold pieces.

Inventory:

Hand Weapons
 a - a +0 club
 d - a +0 short sword
 g - a +0 quarterstaff
 n - a +3 dagger of freezing (weapon)
 o - a +2 dagger of flaming
Missiles
 c - 87 stones
 e - 2 boomerangs
 f - 29 bolts
 l - 12 poisoned darts
 q - 4 curare-tipped darts
Armour
 b - a +0 robe (worn)
 t - the +0 ring mail "Fisch" {Fly MP+9 Str+5 Dex-3}
   (You found it on level 4 of the Dungeon)

   Str:       It affects your strength (+5).
   Dex:       It affects your dexterity (-3).
   MP:        It affects your magic capacity (+9).
   Fly:       It grants you flight.
Scrolls
 i - 4 scrolls of identify {unknown}
 j - a scroll of noise {unknown}
 k - a scroll of magic mapping {unknown}
 m - 2 scrolls of fear {unknown}
 r - a scroll of immolation {unknown}
 s - a scroll of blinking {unknown}
Potions
 p - a potion of haste


   Skills:
 + Level 1.9 Fighting
 + Level 3.9 Dodging
 - Level 3.0 Stealth
 + Level 3.1 Spellcasting
 * Level 1.5 Conjurations
 + Level 1.0 Transmutations
 + Level 4.0 Earth Magic


You had 6 spell levels left.
You knew the following spells:

 Your Spells              Type           Power      Damage    Failure   Level
a - Sandblast             Erth           34%        2d9       3%          1
b - Stone Arrow           Conj/Erth      24%        3d8       16%         3

Your spell library contained the following spells:

 Spells                   Type           Power      Damage    Failure   Level
 Magic Dart               Conj           32%        1d4       9%          1
 Passwall                 Tmut/Erth      9%         N/A       9%          2
 Searing Ray              Conj           16%        2d5       13%         2
 Ozocubu's Armour         Ice            2%         N/A       43%         3
 Petrify                  Tmut/Erth      11%        N/A       50%         4
 Fulminant Prism          Conj/Hex       2%         3d6       75%         4
 Ozocubu's Refrigeration  Ice            1%         4d5       100%        7


Dungeon Overview and Level Annotations

Branches:
Dungeon (4/15)
 Temple: D:4-7

Altars:

Shops:
D:3 (

Annotations:
D:3 firecache


Innate Abilities, Weirdness & Mutations

You are small and have problems with some larger weapons.
You are completely attuned to the shadows.


Message History

Aiming: Sandblast (safe; 3% risk of failure)
Press: ? - help, Shift-Dir - straight line, f - adder
Aim: an adder (severely wounded, 66% to hit)
The blast of sand hits the adder but does no damage.
The adder is severely wounded.
You feel sick. The adder closely misses you. The adder bites you.
* * * LOW HITPOINT WARNING * * *
You are lethally poisoned!
The adder poisons you!
Casting: Sandblast (safe; 3% risk of failure)
Confirm with . or Enter, or press ? or * to list all spells.
Aiming: Sandblast (safe; 3% risk of failure)
Press: ? - help, Shift-Dir - straight line, f/p - adder
Aim: an adder (severely wounded, 66% to hit)
The blast of sand misses the adder.
The blast of sand hits the ball python!
You kill the ball python!
* * * LOW HITPOINT WARNING * * *
You feel very sick. The adder misses you.
Casting: Sandblast (safe; 3% risk of failure)
Confirm with . or Enter, or press ? or * to list all spells.
Aiming: Sandblast (safe; 3% risk of failure)
Press: ? - help, Shift-Dir - straight line, f/p - adder
Aim: an adder (severely wounded, 66% to hit)
The blast of sand hits the adder.
You kill the adder!
* * * LOW HITPOINT WARNING * * *
You feel sick.
Casting: Sandblast (safe; 3% risk of failure)
Confirm with . or Enter, or press ? or * to list all spells.
You can't see any susceptible monsters within range! (Use Z to cast anyway.) Unknown command.
Unknown command.
There is a lethal amount of poison in your body!
It was a potion of flight.
You feel very buoyant.
You fly up into the air.
* * * LOW HITPOINT WARNING * * *
You feel sick.
You die...

#. . #. #.#.
#..########
#)@.<....######
#.####.........#
#. #..#.####.# .
#..#.# #.#
#..#.# #.#
...#.####.#
###.# ...#.#
##..>.# ##.....#


There were no monsters in sight!

Vanquished Creatures
  A centaur skeleton (D:4)
  An iguana (D:2)
  3 adders
  5 dart slugs
  2 orcs
  10 ball pythons
  13 bats
  5 endoplasms
  4 giant cockroaches
  5 hobgoblins
  8 kobolds
  8 quokkas
  3 frilled lizards
  6 goblins
  5 rats
79 creatures vanquished.

Notes
Turn   | Place    | Note
-------+----------+-------------------------------------------
     0 | D:1      | rogsnak the Kobold Earth Elementalist began the quest for
                  | the Orb.
     0 | D:1      | Reached XP level 1. HP: 10/10 MP: 3/3
  1183 | D:1      | Reached XP level 2. HP: 15/16 MP: 5/5
  1654 | D:1      | Found a faded altar of an unknown god.
  1828 | D:1      | Reached XP level 3. HP: 19/20 MP: 6/6
  2082 | D:1      | Reached skill level 1 in Fighting
  2404 | D:2      | Reached XP level 4. HP: 25/25 MP: 7/7
  2411 | D:2      | Learned a level 3 spell: Stone Arrow
  3470 | D:3      | Reached XP level 5. HP: 20/29 MP: 9/9
  3636 | D:3      | Reached skill level 1 in Conjurations
  4358 | D:3      | Found Zeahot's Antique Weapon Emporium.
  5016 | D:4      | Identified the +0 ring mail "Fisch" {Fly MP+9 Str+5 Dex-3}
  5061 | D:4      | Reached skill level 4 in Earth Magic
  5195 | D:4      | HP: 1/30 [poisoned by an adder]
  5196 | D:4      | Succumbed to an adder's poison

Illustrated notes

Levels and vault maps discovered:
D:1:      shiori_arrival_elements, layout_rooms,
          shapermc_ecumenical_altar_pompeii, st_stairs_2,
          minmay_misc_feat_secret_circle, minivault_25
D:2:      layout_basic, palyth_stone_intersect
D:3:      layout_loops_ring, serial_shops, nicolae_shop_trees,
          lemuel_flame_loot_1
D:4:      layout_loops_ring, minmay_temple_entry_poolview,
          ebering_ghost_disaster_area, kennysheep_potato

Skill      XL: |  1  2  3  4  5 |
---------------+----------------+-----
Stealth        | 3 |  3.0
Dodging        | 3 |  3.9
Fighting       | 1 |  1.9
Conjurations   | 1 |  1.5
Spellcasting   | 3 |  3.1
Earth Magic    | 4 |  4.0
Transmutations | |  1.0

Action                   |  1- 3 |  4- 6 || total
-------------------------+-------+-------++-------
Melee: Unarmed           |    60 |       ||    60
       Club              |    10 |       ||    10
       Short sword       |    61 |    30 ||    91
       Dagger            |       |    64 ||    64
 Cast: Sandblast         |    11 |     5 ||    16
       Stone Arrow       |       |     5 ||     5
  Use: Potion            |       |     1 ||     1
 Stab: Sleeping          |    26 |    19 ||    45
       Distracted        |       |     1 ||     1
Armor: Robe              |     8 |     6 ||    14
Dodge: Dodged            |   101 |    52 ||   153

Table legend: (Time is in decaauts)
 A = Elapsed time spent in this place.
 B = Non-inter-level travel time spent in this place.
 C = Inter-level travel time spent in this place.
 D = Time resting spent in this place.
 E = Time spent auto-exploring this place.
 F = Levels seen in this place.
 G = Mean time per level.
                   A        B        C        D        E       F      G
               +--------+--------+--------+--------+--------+-----+--------+
         Total |   5205 |   5171 |     34 |   1972 |   2353 |   4 | 1301.2 |
       Dungeon |   5205 |   5171 |     34 |   1972 |   2353 |   4 | 1301.2 |
               +--------+--------+--------+--------+--------+-----+--------+

Top non-repeatable levels by time:
     D:1: 2195 daAuts
     D:3: 1595 daAuts
     D:2: 1204 daAuts
     D:4: 210 daAuts
